Map: Cyber Forest LE

Players

Riordan - Winner!

  • Race: Protoss Protoss
  • League: Diamond
  • Spawn Location: 5:00

Woah

  • Race: Terran Terran
  • League: Diamond
  • Spawn Location: 11:00

VOD

Have the link to the VOD?

Description

Time

  • Played on: June 14, 2019, 9:49 p.m.
  • Length: 10:17
Show
View Real Time Build Order
Export as new Build Order

Riordan Protoss - Winner!

Build Orders: 1 Gate Expand, Blink Stalkers 

Get SALT Encoding   

  12  0:00  Probe  
  13  0:13  Probe  
  14  0:17  Pylon  
  14  0:25  Probe  
  15  0:36  Gateway  
  15  0:37  Probe  
  16  0:45  Assimilator  
  17  0:50  Probe  
  17  1:15  Nexus  
  17  1:27  Cybernetics Core  
  17  1:30  Probe  
  18  1:41  Pylon  
  18  1:44  Probe  
  19  1:48  Assimilator  
  19  1:54  Stalker  
  19  2:01  Warp Gate, Probe  
  22  2:13  Probe  
  23  2:18  Gateway  
  23  2:25  Probe  
  24  2:34  Probe  
  25  2:43  Twilight Council, Probe  
  26  2:48  Stalker  
  28  2:53  Probe  
  29  3:03  Pylon, Blink  
  29  3:09  Probe x2  
  31  3:15  Robotics Facility  
  31  3:25  Probe  
  32  3:28  Probe  
  33  3:37  Probe  
  34  3:44  Gateway  
  34  3:45  Probe  
  35  3:50  Shield Battery  
  35  3:53  Pylon  
  35  3:58  Gateway  
  35  4:00  Stalker  
  37  4:07  Probe  
  38  4:12  Observer  
  38  4:14  Stalker  
  38  4:16  Probe  
  42  4:22  Gateway  
  42  4:31  Probe x2  
  44  4:40  Pylon  
  44  4:43  Stalker x2, Probe  
  44  4:45  Stalker  
  49  4:55  Shield Battery  
  49  5:04  Stalker  
  49  5:06  Stalker  
  53  5:08  Stalker  
  53  5:09  Stalker  
  57  5:19  Stalker  
  59  5:21  Observer  
  59  5:33  Pylon  
  59  5:52  Stalker  
  59  5:56  Gateway  
  61  5:59  Probe  
  61  6:03  Pylon  
  62  6:05  Pylon  
  62  6:07  Pylon  
  62  6:15  Gateway  
  62  6:17  Charge  
  62  6:24  Pylon  
  62  6:27  Pylon  
  60  7:02  Probe x2  
  60  7:04  Observer  
  62  7:23  Nexus  
  62  7:29  Immortal, Probe x2  
  62  7:31  Zealot x4  
  62  7:32  Zealot x3  
  80  7:44  Gateway  
  80  7:46  Gateway  
  80  7:59  Probe  
  80  8:00  Probe  
  80  8:03  Warp Prism  
  84  8:15  Probe  
  84  8:16  Probe  
  86  8:21  Assimilator  
  86  8:22  Pylon  
  86  8:24  Assimilator  
  86  8:25  Pylon  
  86  8:28  Probe, Pylon  
  86  8:30  Zealot x3  
  86  8:31  Zealot x4  
  101  8:37  Pylon  
  101  8:57  Forge  
  101  9:08  Stalker x9  
  97  9:31  Zealot  
  97  9:32  Zealot x8  
  97  9:36  Probe x2  
  113  9:40  Photon Cannon  
  103  9:52  Nexus  
  93  9:53  Pylon  
  93  9:58  Zealot x8  
  99  10:12  Stalker  
Show
View Real Time Build Order
Export as new Build Order

Woah Terran 

Build Orders: Reaper Expand 

Get SALT Encoding   

  12  0:01  SCV  
  13  0:13  SCV  
  14  0:17  Supply Depot  
  14  0:25  SCV  
  15  0:39  SCV, Barracks  
  16  0:44  Refinery  
  16  0:51  SCV  
  17  1:03  SCV  
  18  1:15  SCV  
  19  1:27  Reaper, Orbital Command  
  20  1:46  Command Center  
  20  1:53  SCV  
  21  1:57  Supply Depot  
  21  2:04  Barracks Reactor, Refinery  
  21  2:06  SCV  
  22  2:18  SCV  
  22  2:22  Factory  
  23  2:34  SCV  
  24  2:40  Marine x2  
  26  2:46  SCV  
  27  2:58  SCV  
  27  3:00  Marine x2  
  27  3:02  Orbital Command  
  30  3:11  Starport  
  30  3:12  Widow Mine  
  32  3:17  SCV  
  33  3:26  Marine x2  
  35  3:30  SCV x2  
  37  3:34  Widow Mine  
  39  3:42  SCV  
  39  3:43  Supply Depot  
  39  3:44  Marine  
  39  3:47  Barracks  
  41  3:52  Medivac  
  41  3:54  Marine  
  45  3:55  SCV  
  45  3:56  SCV  
  45  4:01  Supply Depot  
  46  4:04  Marine, Factory Tech Lab  
  47  4:11  SCV x2  
  49  4:29  SCV x2  
  50  4:41  SCV  
  51  4:52  SCV, Barracks, Marine  
  52  4:53  Marine  
  52  4:54  SCV  
  52  4:55  Refinery  
  52  4:56  Refinery  
  52  4:58  Raven  
  52  4:59  Barracks Tech Lab  
  57  5:00  Factory Tech Lab  
  57  5:04  SCV  
  57  5:06  SCV  
  59  5:08  Command Center, Barracks  
  59  5:09  Engineering Bay  
  59  5:10  Marine  
  58  5:30  Marine x2  
  58  5:32  Siege Tank  
  58  5:33  Stimpack  
  56  5:41  SCV  
  57  5:44  Bunker  
  57  5:48  Marine  
  58  5:50  Marauder  
  58  5:51  Barracks Tech Lab  
  60  5:58  SCV  
  60  5:59  Barracks Tech Lab  
  60  6:01  Supply Depot  
  60  6:03  Terran Infantry Weapons Level 1, Supply Depot  
  61  6:06  SCV  
  61  6:07  Barracks Tech Lab  
  62  6:17  Barracks  
  62  6:19  SCV x2, Siege Tank  
  62  6:20  Supply Depot  
  67  6:31  Orbital Command  
  60  6:56  Marauder x2, Marine x2  
  60  6:57  Orbital Command  
  63  7:10  Siege Tank  
  63  7:14  Marine x2  
  68  7:17  Marauder, Marine  
  70  7:31  Marine  
  70  7:34  Marine  
  70  7:35  Marine  
  70  7:36  Barracks Tech Lab  
  73  7:38  Combat Shield  
  73  7:39  Marauder  
  73  7:40  Barracks x2  
  75  7:47  SCV x3  
  75  7:49  Marine  
  79  7:58  Orbital Command  
  79  7:59  SCV x2  
  79  8:01  Barracks  
  81  8:12  Starport Reactor  
  81  8:13  Marine x3  
  85  8:21  SCV x2  
  85  8:24  Barracks Tech Lab  
  86  8:29  Engineering Bay  
  86  8:30  Armory  
  86  8:31  Marine x2  
  86  8:32  Marauder  
  86  8:33  SCV  
  91  8:34  Barracks Tech Lab  
  91  8:38  Marauder  
  93  8:48  Barracks Tech Lab  
  93  9:00  Command Center  
  93  9:07  Supply Depot x2  
  93  9:11  Supply Depot  
  93  9:12  SCV, Marine x3  
  93  9:13  Marauder x4, Medivac x2  
  93  9:14  Supply Depot  
  93  9:15  Supply Depot x2  
  93  9:16  Supply Depot  
  109  9:18  Marauder  
  88  9:30  Marine x3  
  75  9:34  Marauder x3, Marine  
  72  9:39  Marine  
  72  9:48  Marauder, Marine x2  
  72  9:52  Marauder  
  69  9:55  Marauder, Marine x2  
Tags
 
Add a new tag
Caveats
  • Supply blocks, unpowered buildings, or Contaminate may cause inaccurate times.
  • Supply counts are checked every 10 seconds.